Map: Orbital Shipyard

Players

AiLillekanin (Lillekanin) - Winner!

  • Race: Terran Terran
  • League: Master

Monty

  • Race: Protoss Protoss
  • League: Grandmaster

Event: DreamHack ZOWIE Open Leipzig

VOD

Have the link to the VOD?

Description

Time

  • Played on: Jan. 22, 2016, 9:28 a.m.
  • Length: 8:04

All games in this series

Show
View Real Time Build Order
Export as new Build Order

AiLillekanin Terran - Winner!

Build Orders: 1/1/1, Liberator Opening 

Get SALT Encoding   

  12  0:00  SCV  
  13  0:13  SCV  
  14  0:18  Supply Depot  
  14  0:25  SCV  
  15  0:40  SCV  
  15  0:41  Barracks  
  16  0:44  Refinery  
  16  0:52  Refinery  
  16  0:54  SCV  
  17  1:06  SCV  
  18  1:18  SCV  
  19  1:30  Orbital Command  
  19  1:32  Factory  
  20  1:45  Barracks Reactor  
  19  1:49  Supply Depot  
  19  1:56  SCV  
  20  2:08  SCV  
  21  2:17  Factory Tech Lab, Starport  
  21  2:20  SCV  
  21  2:22  Marine x2  
  24  2:32  Supply Depot  
  24  2:35  Widow Mine  
  26  2:37  SCV  
  26  2:41  Marine x2  
  29  2:50  SCV  
  30  2:53  Medivac  
  32  2:59  Marine x2  
  32  3:04  Supply Depot  
  34  3:11  Siege Tank  
  37  3:13  Liberator  
  37  3:18  Supply Depot  
  37  3:19  Marine  
  37  3:22  Marine  
  42  3:38  Barracks  
  42  3:41  Marine  
  43  3:48  Siege Tank  
  46  3:51  Marine  
  47  3:56  Supply Depot  
  47  4:02  Marine  
  48  4:05  Liberator  
  48  4:09  Marine  
  49  4:19  Marine  
  53  4:27  Marine  
  53  4:28  Marine  
  55  4:37  Marine  
  55  4:41  Siege Tank  
  55  4:44  Marine  
  58  4:53  Liberator  
  58  4:55  Marine  
  59  5:00  Barracks Tech Lab  
  59  5:02  Marine  
  59  5:04  Engineering Bay  
  59  5:13  Marine  
  61  5:20  Marine  
  62  5:22  Marine  
  63  5:36  Siege Tank, Marine  
  63  5:38  Marine  
  63  5:39  Marine  
  69  5:50  Missile Turret  
  69  5:51  Stimpack  
  69  5:53  Marine  
  69  5:56  Marine  
  71  6:21  Marine  
  70  6:32  Marine  
  70  6:36  Marine  
  70  6:39  Medivac, Siege Tank, Marine  
  76  6:44  Bunker  
  76  6:50  Marine  
  76  6:53  Marine  
  78  6:56  Marine  
  76  7:08  Marine  
  76  7:11  Marine  
  76  7:14  Supply Depot, Marine  
  79  7:18  Missile Turret  
  79  7:26  Marine  
  79  7:33  Supply Depot, Marine  
  79  7:36  Marine  
  83  7:44  Marine  
Show
View Real Time Build Order
Export as new Build Order

Monty Protoss 

Build Orders: 1 Gate Expand 

Get SALT Encoding   

  12  0:01  Probe (Chrono Boost)  
  13  0:12  Probe (Chrono Boost)  
  14  0:19  Pylon  
  14  0:23  Probe (Chrono Boost)  
  15  0:37  Probe (Chrono Boost)  
  15  0:38  Gateway  
  16  0:43  Assimilator  
  16  0:47  Probe (Chrono Boost)  
  17  0:58  Probe (Chrono Boost)  
  18  1:08  Probe (Chrono Boost)  
  19  1:21  Nexus  
  19  1:31  Cybernetics Core  
  19  1:34  Probe (Chrono Boost)  
  20  1:40  Assimilator  
  20  1:45  Probe (Chrono Boost)  
  21  1:51  Pylon  
  21  1:55  Probe (Chrono Boost)  
  22  2:06  Probe (Chrono Boost)  
  23  2:08  Warp Gate  
  23  2:09  Adept (Chrono Boost)  
  25  2:18  Probe  
  25  2:22  Robotics Facility  
  26  2:30  Probe (Chrono Boost)  
  27  2:38  Probe (Chrono Boost), Twilight Council  
  27  2:41  Probe (Chrono Boost)  
  29  2:49  Probe (Chrono Boost)  
  30  2:52  Probe (Chrono Boost)  
  31  2:59  Mothership Core (Chrono Boost)  
  31  3:02  Probe (Chrono Boost)  
  34  3:06  Pylon  
  34  3:13  Probe (Chrono Boost)  
  34  3:15  Resonating Glaives (Chrono Boost)  
  34  3:16  Probe  
  34  3:19  Gateway  
  36  3:25  Gateway  
  36  3:30  Gateway  
  36  3:33  Probe  
  37  3:35  Probe  
  38  3:42  Pylon  
  38  3:46  Warp Prism (Chrono Boost)  
  38  3:48  Probe x2  
  42  3:58  Probe  
  42  4:00  Probe  
  39  4:23  Observer  
  40  4:25  Adept x2  
  40  4:26  Adept  
  40  4:27  Adept  
  40  4:31  Probe  
  49  4:32  Probe  
  48  4:48  Adept x2  
  48  4:49  Adept x2  
  53  4:54  Observer  
  54  5:00  Pylon  
  53  5:09  Adept  
  53  5:10  Adept x2  
  44  5:26  Immortal  
  45  5:43  Stalker x2  
  45  5:44  Stalker  
  45  5:45  Zealot  
  53  6:10  Adept  
  59  6:13  Pylon  
  53  6:25  Adept x3  
  57  6:30  Pylon  
  53  6:41  Dark Shrine  
  51  6:47  Adept x3  
  57  6:54  Gateway  
  57  6:58  Gateway  
  56  7:07  Gateway  
  55  7:12  Zealot x2  
  47  8:00  Cybernetics Core  

Tags
 
Add a new tag
Caveats
  • Supply blocks, unpowered buildings, or Contaminate may cause inaccurate times.
  • Supply counts are checked every 10 seconds.